 Dungeon Crawl Stone Soup version 0.16.1-4-g8e1b745 (webtiles) character file.

146 Ladykiller69 the Charmwright (level 5, 0/35 HPs)
             Began as a High Elf Skald on Mar 26, 2015.
             Was an Initiate of Okawaru.
             Slain by an adder (4 damage)
             ... on level 3 of the Dungeon.
             The game lasted 00:19:16 (2791 turns).

Ladykiller69 the Charmwright (High Elf Skald)       Turns: 2791, Time: 00:19:46

Health: 0/35       AC:  3    Str: 11    XL:     5   Next: 7%
Magic:  14/14      EV: 13    Int: 15    God:    Okawaru [......]
Gold:   141        SH:  0    Dex: 16    Spells: 4 memorised, 2 levels left

rFire  . . .     SeeInvis .     a - +0 falchion
rCold  . . .     Clarity  .     b - +0 leather armour
rNeg   . . .     SustAb   .     (no shield)
rPois  .         Gourm    .     (no helmet)
rElec  .         Spirit   .     (no cloak)
rCorr  .         Warding  .     (no gloves)
rMut   .         Stasis   .     (no boots)
MR     .....                    (no amulet)
Stlth  +.........               (no ring)
                                (no ring)

@: lethally poisoned (0 -> -8), not resistant to hostile enchantments, very
unstealthy
A: no striking features
a: Renounce Religion


You were on level 3 of the Dungeon.
You worshipped Okawaru.
Okawaru was noncommittal.
You were not hungry.

You visited 1 branch of the dungeon, and saw 4 of its levels.

You collected 141 gold pieces.

Inventory:

Hand weapons
 a - a +0 falchion (weapon)
Missiles
 q - 6 javelins (quivered)
Armour
 b - a +0 leather armour (worn)
 r - a +0 chain mail
Scrolls
 e - a scroll of blinking {unknown}
 f - a scroll of enchant armour {unknown}
 j - a scroll of remove curse {unknown}
 l - 3 scrolls of identify {unknown}
 p - 2 scrolls of teleportation {unknown}
Potions
 h - a potion of haste {unknown}
 k - a potion of curing
 m - a potion of resistance {unknown}
 n - a potion of magic {unknown}
 o - a potion of brilliance {unknown}
Books
 c - a book of Battle

   Spells                             Type                      Level
   a - Infusion                       Charms                       1
   b - Shroud of Golubria             Charms/Translocation         2
   c - Song of Slaying                Charms                       2
   d - Spectral Weapon                Hexes/Charms                 3
   e - Regeneration                   Charms/Necromancy            3
Comestibles
 d - 3 bread rations
 g - 2 beef jerkies
 i - a meat ration
 s - 2 chunks of flesh


   Skills:
 + Level 2.4 Fighting
 * Level 3.9 Long Blades
 - Level 1.0 Armour
 * Level 2.8 Dodging
 + Level 3.2 Spellcasting
 * Level 4.4 Charms


You had 2 spell levels left.
You knew the following spells:

 Your Spells              Type           Power        Failure   Level  Hunger
a - Infusion              Chrm           ###...       4%          1    #......
b - Song of Slaying       Chrm           ###.....     10%         2    ##.....
c - Shroud of Golubria    Chrm/Tloc      #.........   17%         2    ##.....
d - Regeneration          Chrm/Necr      #.........   30%         3    ###....


Dungeon Overview and Level Annotations

Branches:
Dungeon (4/15)
 Temple: D:4-7

Altars:
Okawaru


Message History

You hit the adder.
The adder is almost dead.
The adder misses you.
You miss the adder.
The adder is almost dead.
You feel sick. The adder bites you.
You are more poisoned.
The adder poisons you! The adder bites you.
* * * LOW HITPOINT WARNING * * *
You miss the adder.
The adder is almost dead.
* * * LOW HITPOINT WARNING * * *
You feel sick. The adder misses you.
You closely miss the adder.
The adder is almost dead.
* * * LOW HITPOINT WARNING * * *
You feel sick. The adder bites you.
* * * LOW HITPOINT WARNING * * *
The adder bites you.
You die...

###.### #. ###########.....#
#. #...........###.#######
######>#####.###.# #.....###
#................###.###'#..
#.####.##.##.........# #.###
#.# #....#.......######..##
#.# #........[...#........#
#.# #.....@S<...##.>...⌠..)
#.# ######...#..##........#
#####.# #...#..#######..##
#.....# #######........#
#.##. #.#####
#.....###.#.##########.. #.#
#.###<###.#.####...<)... #.#
#.# #.....#....)........
##.##
#.###.#####...##........
#...## #.....#
###.########..


You could see an adder.

Vanquished Creatures
  An orc priest (D:3)
  4 adders (D:3)
  4 giant geckos (D:1)
  2 oozes
  6 orcs (D:3)
  2 giant cockroaches
  13 hobgoblins
  5 bats
  3 giant newts (D:1)
  5 goblins
  4 jackals (D:1)
  8 kobolds
  14 rats
71 creatures vanquished.

Notes
Turn   | Place    | Note
--------------------------------------------------------------
     0 | D:1      | Ladykiller69, the High Elf Skald, began the quest for the Orb.
     0 | D:1      | Reached XP level 1. HP: 14/14 MP: 4/4
   264 | D:1      | Reached skill level 1 in Armour
   355 | D:1      | Reached XP level 2. HP: 17/19 MP: 0/6
   360 | D:1      | Learned a level 2 spell: Song of Slaying
   363 | D:1      | Learned a level 2 spell: Shroud of Golubria
   559 | D:1      | You fall through a shaft!
  1236 | D:1      | Reached XP level 3. HP: 22/24 MP: 8/8
  1684 | D:2      | Found an iron altar of Okawaru.
  1739 | D:2      | Became a worshipper of Warmaster Okawaru
  1883 | D:3      | Reached skill level 4 in Charms
  1948 | D:3      | Reached XP level 4. HP: 16/29 MP: 0/11
  2075 | D:2      | Learned a level 3 spell: Regeneration
  2628 | D:3      | Reached XP level 5. HP: 21/35 MP: 12/14
  2791 | D:3      | Slain by an adder

Action                   |  1- 3 |  4- 6 || total
-------------------------+-------+-------++-------
Melee: Falchion          |   155 |   124 ||   279
 Cast: Infusion          |    14 |     1 ||    15
       Shroud of Golubri |     2 |    13 ||    15
       Regeneration      |       |     2 ||     2
  Use: Potion            |     1 |       ||     1
  Eat: Chunk             |     3 |     5 ||     8
